 Dungeon Crawl Stone Soup version 0.20-a0-947-g2784f4f (webtiles) character file.

527 wirefist the Sneak (level 7, -1/33 HPs)
             Began as a Spriggan Enchanter on Apr 3, 2017.
             Slain by a gnoll
             ... wielding a +0 club
              (5 damage)
             ... on level 4 of the Dungeon on Apr 4, 2017.
             The game lasted 00:37:48 (10279 turns).

wirefist the Sneak (Spriggan Enchanter)            Turns: 10279, Time: 00:37:49

Health: -1/33      AC:  5    Str:  4    XL:     7   Next: 2%
Magic:  4/12       EV: 27    Int: 16    God:
Gold:   149        SH:  0    Dex: 24    Spells: 8/11 levels left

rFire    . . .     SeeInvis +   a - +1 dagger
rCold    . . .     Gourm    .   (shield restricted)
rNeg     . . .     Faith    .   u - +0 robe
rPois    .         Spirit   .   (helmet restricted)
rElec    .         Reflect  .   m - +0 cloak
rCorr    .         Harm     .   (gloves unavailable)
MR       +....                  (boots unavailable)
Stlth    +++++.....             (no amulet)
Regen    0.2/turn               g - ring of flight
MPRegen  0.2/turn               (no ring)

@: agile, very slightly contaminated, very quick
A: unfitting armour, hooves 1, iridescent scales 1, see invisible, herbivore 3,
speed 3, slow metabolism 2, wild magic 1
a: Evoke Flight


You were on level 4 of the Dungeon.
You were not hungry.

You visited 1 branch of the dungeon, and saw 6 of its levels.

You collected 149 gold pieces.

Inventory:

Hand Weapons
 a - a +1 dagger (weapon)
 i - a +0 hunting sling
 p - a -3 hunting sling
 w - a +0 rapier
Missiles
 q - 92 stones (quivered)
Armour
 k - a +0 buckler
 m - a +0 cloak (worn)
 o - a +2 pair of gloves
 u - a +0 robe (worn)
Jewellery
 g - a ring of flight (left hand)
Wands
 f - a wand of digging (7/24)
Scrolls
 e - 4 scrolls of identify
 h - a scroll of noise {unknown}
 l - 2 scrolls of blinking {unknown}
 s - 2 scrolls of remove curse
Potions
 b - a potion of haste {unknown}
 t - a potion of flight
Books
 c - a book of Maledictions

   Spells                             Type                      Level
   a - Corona                         Hexes                        1
   b - Ensorcelled Hibernation        Hexes/Ice                    2
   c - Confuse                        Hexes                        3
   d - Tukima's Dance                 Hexes                        3
   e - Dazzling Spray                 Conjuration/Hexes            3
 n - a book of Frost

   Spells                             Type                      Level
   a - Freeze                         Ice                          1
   b - Throw Frost                    Conjuration/Ice              2
   c - Ozocubu's Armour               Charms/Ice                   3
   d - Throw Icicle                   Conjuration/Ice              4
   e - Summon Ice Beast               Ice/Summoning                4
Comestibles
 d - 3 bread rations
 j - a royal jelly


   Skills:
 + Level 1.5 Fighting
 * Level 5.9 Short Blades
 + Level 4.9 Dodging
 + Level 7.0 Stealth
 - Level 2.6 Spellcasting
 - Level 3.6 Hexes


You had 8 spell levels left.
You knew the following spells:

 Your Spells              Type           Power        Failure   Level  Hunger
a - Corona                Hex            ###....      10%         1    #......
b - Ensorcelled Hibernat  Hex/Ice        ##....       24%         2    ##.....


Dungeon Overview and Level Annotations

Branches:
Dungeon (6/15)             Temple (0/1) D:4

Altars:
Ru
Trog
Vehumet

Annotations:
D:3 Ijyb
D:6 Elysium's ghost, novice MiFi


Innate Abilities, Weirdness & Mutations

You are very small and have problems with some larger weapons.
You are too small for most types of armour.
You have supernaturally acute eyesight. (SInv)
You are a herbivore.
You cover ground extremely quickly.
You need consume almost no food.
You have large cloven feet.
You are partially covered in iridescent scales. (AC +2)
Your spells are a little harder to cast, but a little more powerful.


Message History

The orc hits you but does no damage.
You hit the gnoll but do no damage. You kick the gnoll, but do no damage.
The gnoll is moderately wounded.
You hit the gnoll. Your kick misses the gnoll.
The gnoll is heavily wounded.
The gnoll closely misses you. The orc completely misses you.
The gnoll misses you.
You hit the gnoll but do no damage. Your kick misses the gnoll.
The gnoll is heavily wounded.
The gnoll hits you with a club.
* * * LOW HITPOINT WARNING * * *
The gnoll completely misses you. The orc misses you.
The gnoll closely misses you.
You hit the gnoll but do no damage.
The gnoll is heavily wounded.
The gnoll misses you.
You barely miss the gnoll.
The gnoll is heavily wounded.
The gnoll hits you with a club.
You die...

........g......
#.######.#####g#
##.######.### ##.
#.....#.....##### #.#
#.#.###....## #o# #...#
#gg..## #o###.#.###...###
#########gg...#.g.g.#g###
#...gggg@gg.#####.###.o.#
#.#########.# #...o....
#.# #.# #####.... #.# #o#
#...≈ ##.## #.# #.#≈≈
##...## #.. #.### #.....#
### #.### #.....# #..##
#...g.# #####..Z.


You could see 8 gnolls and 2 orcs.

Vanquished Creatures
  Sigmund (D:3)
  An orc priest (D:4)
  A jelly (D:5)
  A centaur skeleton (D:5)
  A worker ant (D:3)
  An orc wizard (D:5)
  A killer bee zombie (D:5)
  A hound skeleton (D:4)
  2 gnolls
  6 adders
  A shadow imp (D:5)
  2 oozes
  2 worms
  2 dart slugs
  2 leopard geckos (D:5)
  7 orcs
  5 giant cockroaches
  16 goblins
  7 hobgoblins
  2 jackals (D:3)
  11 kobolds
  2 quokkas (D:2)
  2 bats
  2 frilled lizards
  A jackal skeleton (D:5)
  A quokka zombie (D:5)
  3 rats
84 creatures vanquished.

Vanquished Creatures (others)
  2 fungi (D:1)
2 creatures vanquished.

Grand Total: 86 creatures vanquished

Notes
Turn   | Place    | Note
-------+----------+-------------------------------------------
     0 | D:1      | wirefist the Spriggan Enchanter began the quest for the Orb.
     0 | D:1      | Reached XP level 1. HP: 9/9 MP: 5/5
  1008 | D:1      | Reached XP level 2. HP: 13/13 MP: 6/6
  2895 | D:1      | Reached XP level 3. HP: 12/17 MP: 8/8
  3189 | D:2      | Found a bloodstained altar of Trog.
  3355 | D:2      | Reached skill level 5 in Stealth
  4409 | D:2      | Reached skill level 1 in Fighting
  4409 | D:2      | Reached XP level 4. HP: 5/22 MP: 9/9
  4802 | D:2      | HP: 1/22 [poisoned by an adder]
  6911 | D:3      | Found a sacrificial altar of Ru.
  7163 | D:3      | Reached XP level 5. HP: 20/25 MP: 10/10
  7238 | D:3      | Noticed Sigmund
  7301 | D:3      | Learned a level 2 spell: Ensorcelled Hibernation
  7470 | D:3      | Noticed Ijyb
  7636 | D:3      | Killed Sigmund
  7636 | D:3      | Reached skill level 5 in Short Blades
  7636 | D:3      | Reached skill level 6 in Stealth
  7636 | D:3      | Reached XP level 6. HP: 30/30 MP: 6/11
  7687 | D:4      | You fall through a shaft!
  7687 | D:5      | Entered Level 5 of the Dungeon
  7885 | D:5      | Found a radiant altar of Vehumet.
  8136 | D:6      | Noticed Elysium's ghost (novice MiFi)
  8173 | D:5      | HP: 1/30 [worker ant (8)]
  9041 | D:4      | HP: 1/30 [orc wizard/magic dart (8)]
  9053 | D:4      | Found a staircase to the Ecumenical Temple.
  9863 | D:4      | Gained mutation: You have large cloven feet. [potion of mutation]
  9863 | D:4      | Gained mutation: Your spells are a little harder to cast, but a little more powerful. [potion of mutation]
  9863 | D:4      | Gained mutation: You are partially covered in iridescent scales. (AC +2) [potion of mutation]
 10190 | D:4      | HP: 1/30 [orc wizard/magic dart (9)]
 10252 | D:4      | Reached skill level 7 in Stealth
 10252 | D:4      | Reached XP level 7. HP: 7/33 MP: 5/12
 10279 | D:4      | Slain by a gnoll

Vault maps used:
D:1:      dpeg_arrival_water_fire
D:2:      cheibrodos_greedy_goblins, moated_statue, bloody_trog
D:3:      first_bread, nicolae_ru_sacrificial_ziggurat, uniq_iyjb, uniq_sigmund
D:4:      minmay_temple_entry_fiery, minmay_distorted
D:5:      grunt_gozag_statues, vehumet_statue, minitemple, basic_altar,
          minmay_stone_trees_small
D:6:      supply_closet_lemuel, kennysheep_potato

Skill      XL: |  1  2  3  4  5  6 |
---------------+-------------------+-----
Short Blades   | 2 3 5 |  5.9
Stealth        | 5 6 7 |  7.0
Fighting       | 1 |  1.5
Dodging        | 4 |  4.9
Spellcasting   | |  2.6
Hexes          | |  3.6

Action                   |  1- 3 |  4- 6 |  7- 9 || total
-------------------------+-------+-------+-------++-------
Melee: Dagger            |   268 |   403 |    24 ||   695
       Kick              |       |    17 |     8 ||    25
 Cast: Corona            |     3 |       |       ||     3
       Ensorcelled Hiber |       |    20 |       ||    20
Evoke: Wand              |       |     1 |       ||     1
  Use: Scroll            |     2 |     5 |       ||     7
       Potion            |     4 |     9 |       ||    13
 Stab: Sleeping          |     6 |    18 |       ||    24
       Distracted        |     1 |     2 |       ||     3
  Eat: Bread ration      |     1 |     1 |       ||     2
Armor: Robe              |    28 |    29 |     3 ||    60
Dodge: Dodged            |   176 |   296 |    34 ||   506
